 Dungeon Crawl Stone Soup version 0.29.1-15-g9cfb28693d (webtiles) character file.

Game seed: 4985002130780587729

4715 nightchill the Cleaver (level 10, -20/68 HPs)
             Began as a Gargoyle Fighter on Mar 16, 2023.
             Was an Initiate of Gozag.
             Demolished by a komodo dragon (26 damage)
             ... on level 9 of the Dungeon.
             The game lasted 00:13:53 (9630 turns).

nightchill the Cleaver (Gargoyle Fighter)           Turns: 9630, Time: 00:13:53

Health: -20/68     AC: 16    Str: 24    XL:     10   Next: 45%
Magic:  10/10      EV:  6    Int: 13    God:    Gozag
Gold:   189        SH:  5    Dex:  9    Spells: 9/9 levels left

rFire   + . .      SeeInvis .   G - +2 whip (elec)
rCold   + + .      Faith    .   c - +1 buckler
rNeg    + . .      Spirit   .   o - +0 plate armour
rPois   ∞          Reflect  .   m - +0 helmet "Zimywka" {rPois rC+ Str-2 Slay+4}
rElec   +          Harm     .   (no cloak)
rCorr   +          Rampage  .   w - +0 pair of gloves
Will    +....                   (no boots)
Stlth   ..........              (no amulet)
HPRegen 0.21/turn               r - ring of willpower
MPRegen 0.12/turn               t - +6 ring of strength

@: mighty, about to teleport, resistant, corroded
A: sickness immunity, AC +7, negative energy resistance 1, electricity
resistance, torment resistance 1, petrification resistance
a: Renounce Religion, Potion Petition, Call Merchant, Bribe Branch


You were on level 9 of the Dungeon.
You worshipped Gozag.
Gozag was aware of your devotion.
You visited 2 branches of the dungeon, and saw 10 of its levels.

You collected 1123 gold pieces.
You paid 934 gold pieces to Gozag.

Inventory:

Hand Weapons
 a - a +0 war axe
 G - a +2 whip of electrocution (weapon)
 H - a +2 war axe of freezing
Missiles
 E - 2 throwing nets (quivered)
Armour
 b - a +0 scale mail
 c - a +1 buckler (worn)
 m - the +0 helmet "Zimywka" (worn) {rPois rC+ Str-2 Slay+4}
   (You took it off Robin on level 1 of the Dungeon)

   Str:       It affects your strength (-2).
   Slay:      It affects your accuracy & damage with ranged weapons and melee
   (+4).
   rC:        It protects you from cold.
   rPois:     It protects you from poison.
 o - a +0 plate armour (worn)
 w - a +0 pair of gloves (worn)
Jewellery
 d - a ring of positive energy
 r - a ring of willpower (left hand)
 t - a +6 ring of strength (right hand)
 x - a ring of magical power
Wands
 q - a wand of polymorph (16)
 D - a wand of iceblast (3)
Scrolls
 h - 2 scrolls of magic mapping {unknown}
 i - a scroll of torment {unknown}
 j - 3 scrolls of fear {unknown}
 l - 5 scrolls of teleportation
 s - 2 scrolls of blinking {unknown}
 u - a scroll of amnesia {unknown}
 v - 2 scrolls of butterflies {unknown}
 y - 8 scrolls of enchant weapon {unknown}
 A - 2 scrolls of enchant armour
 B - a scroll of poison {unknown}
 C - 2 scrolls of vulnerability {unknown}
 F - a scroll of silence {unknown}
Potions
 e - a potion of ambrosia {unknown}
 f - 2 potions of heal wounds {unknown}
 g - a potion of resistance
 k - a potion of invisibility {unknown}
 n - a potion of attraction
 p - 3 potions of curing {unknown}
 z - a potion of might


   Skills:
 + Level 10.1 Fighting
 - Level 10.2(10.7) Axes
 * Level 5.4(9.0) Maces & Flails
 - Level 3.2 Armour
 - Level 3.2 Shields


You had 9 spell levels left.
You didn't know any spells.
Your spell library contained the following spells:

 Spells                   Type           Power      Damage    Failure   Level
 Beastly Appendage        Tmut           0%         N/A       100%        1
 Shock                    Conj/Air       0%         1d3       100%        1
 Summon Small Mammal      Summ           0%         N/A       100%        1
 Wereblood                Tmut           0%         N/A       100%        2
 Call Canine Familiar     Summ           0%         N/A       100%        3
 Spider Form              Tmut/Pois      0%         N/A       100%        3
 Summon Guardian Golem    Hex/Summ       0%         N/A       100%        3
 Swiftness                Air            0%         N/A       100%        3
 Tukima's Dance           Hex            0%         N/A       100%        3
 Airstrike                Air            0%         2d(0-16)  100%        4
 Passage of Golubria      Tloc           0%         N/A       100%        4
 Yara's Violent Unravell  Hex/Tmut       0%         3d3       100%        5


Dungeon Overview and Level Annotations

Branches:
Dungeon (9/15)             Temple (1/1) D:5
   Lair: D:8-11         Orc: D:9-12

Altars:
Ashenzari
Cheibriados
Dithmenos
Fedhas
Gozag
Hepliaklqana
Kikubaaqudgha
Nemelex Xobeh
Okawaru
Qazlal
Ru
Sif Muna
Trog
Uskayaw
Xom
Yredelemnul
Zin
The Shining One
Lugonu

Shops:
D:4 =   D:8 !

Annotations:
D:1 exclusion: downstairs
D:3 2 transporters, MrClown's ghost, amateur DsNe
D:5 exclusion: downstairs


Innate Abilities, Weirdness & Mutations

You are immune to sickness and miasma.
Your stone body is resilient. (AC +7)
You are immune to poison.
You resist negative energy. (rN+)
You are resistant to electric shocks. (rElec)
You are resistant to unholy torment.
You are immune to petrification.


Message History

Purchase which effect?
You don't have enough gold for that! [a] - 720 gold - resistance, might and haste [b] - 638 gold - lignification, might, resistance, brilliance and magic [c] - 280 gold - resistance Purchase which effect? [a] - 720 gold - resistance, might and haste [b] - 638 gold - lignification, might, resistance, brilliance and magic [c] - 280 gold - resistance Purchase which effect? [a] - 720 gold - resistance, might and haste [b] - 638 gold - lignification, might, resistance, brilliance and magic [c] - 280 gold - resistance Purchase which effect? [a] - 720 gold - resistance, might and haste [b] - 638 gold - lignification, might, resistance, brilliance and magic [c] - 280 gold - resistance Purchase which effect? [a] - 720 gold - resistance, might and haste [b] - 638 gold - lignification, might, resistance, brilliance and magic [c] - 280 gold - resistance Purchase which effect? [a] - 720 gold - resistance, might and haste [b] - 638 gold - lignification, might, resistance, brilliance and magic [c] - 280 gold - resistance Purchase which effect?
You no longer have enough gold to petition Gozag for potion effects.
You feel protected.
The wyvern bites you but does no damage.
You block the komodo dragon's attack. The wyvern bites you.
* * * LOW HITPOINT WARNING * * *
A wyvern comes into view.
As you read the scroll of teleportation, it crumbles to dust.
You feel strangely unstable.
The wyvern hisses angrily.
The wyvern bites you but does no damage.
The wyvern hisses menacingly.
The komodo dragon bites you!!
You die...
Your body crumbles into a pile of gold.

## ########### :# #
##.........###.#..#
##....###...@lD..#
####..##..####..l....l..#
##...####### ####.#......
..#### ##..#.... $ ###
### ... #.


You could see a komodo dragon, 2 wyverns and an acid dragon.

Vanquished Creatures
  2 two-headed ogres
  Pikel (D:4)
  Maggie (D:7)
  2 basilisks (D:9)
  Menkaure (D:7)
  An acid dragon (D:8)
  A water moccasin (D:8)
  3 ice beasts
  An ogre (D:4)
  2 centaurs
  A phantom (D:5)
  2 necrophages
  3 kobold brigands
  A bullfrog (D:7)
  A gnoll sergeant (D:8)
  2 scorpions
  4 wights (D:8)
  2 howler monkeys
  A gnoll bouda (D:6)
  4 orc priests
  3 jellies
  An iguana (D:5)
  6 orc wizards
  Robin (D:1)
  9 adders
  15 gnolls
  A shadow imp (D:8)
  A white imp (D:8)
  An ufetubus (D:7)
  A dart slug (D:4)
  28 orcs
  6 bats
  7 endoplasms
  6 giant cockroaches
  12 goblins
  18 hobgoblins
  4 jackals (D:3)
  25 kobolds
  A quokka (D:2)
  2 ball pythons
  4 frilled lizards
  A rat (D:2)
189 creatures vanquished.

Vanquished Creatures (others)
  A plant (D:4)
1 creature vanquished.

Grand Total: 190 creatures vanquished

Notes
Turn   | Place    | Note
-------+----------+-------------------------------------------
     0 | D:1      | nightchill the Gargoyle Fighter began the quest for the
                  | Orb.
     0 | D:1      | Reached XP level 1. HP: 14/14 MP: 1/1
   221 | D:1      | Reached XP level 2. HP: 19/19 MP: 2/2
   974 | D:2      | Found a shadowy altar of Dithmenos.
   995 | D:2      | Identified the +0 helmet "Zimywka" {rPois rC+ Str-2 Slay+4}
   995 | D:2      | Noticed Robin
  1003 | D:2      | Reached XP level 3. HP: 22/24 MP: 3/3
  1187 | D:1      | Killed Robin
  1629 | D:2      | Found a faded altar of an unknown god.
  1702 | D:2      | Reached XP level 4. HP: 27/29 MP: 4/4
  1828 | D:3      | Found a glowing golden altar of the Shining One.
  2149 | D:3      | Found a shadowy altar of Dithmenos.
  2149 | D:3      | Found a bloodstained altar of Trog.
  2411 | D:3      | Found a transporter.
  2412 | D:3      | Noticed MrClown's ghost (amateur DsNe)
  2414 | D:3      | Noticed an ogre
  2416 | D:3      | Noticed an ogre
  2420 | D:3      | Found a transporter.
  2633 | D:4      | Found Nuucel's Jewellery Boutique.
  2720 | D:4      | Reached XP level 5. HP: 14/34 MP: 5/5
  3008 | D:4      | Reached skill level 5 in Fighting
  3008 | D:4      | Reached XP level 6. HP: 36/40 MP: 6/6
  3056 | D:4      | Reached skill level 5 in Axes
  3328 | D:4      | Noticed Pikel
  3338 | D:4      | Killed Pikel
  3339 | D:4      | Reached XP level 7. HP: 41/46 MP: 7/7
  3619 | D:4      | Found an iron altar of Okawaru.
  3646 | D:4      | Reached XP level 8. HP: 35/52 MP: 8/8
  4164 | D:5      | Entered Level 5 of the Dungeon
  4829 | D:5      | Found a hide-covered altar of Uskayaw.
  5006 | D:5      | Found a staircase to the Ecumenical Temple.
  5012 | Temple   | Entered the Ecumenical Temple
  5030 | Temple   | Became a worshipper of Gozag Ym Sagoz the Greedy
  5286 | D:6      | Noticed a two-headed ogre
  6003 | D:6      | Reached XP level 9. HP: 42/58 MP: 9/9
  6150 | D:6      | Killed a two-headed ogre
  6956 | D:7      | Noticed Maggie
  6971 | D:7      | Killed Maggie
  6972 | D:7      | Reached skill level 10 in Axes
  7156 | D:7      | Noticed Menkaure
  7166 | D:7      | Killed Menkaure
  7862 | D:7      | Reached skill level 1 in Maces & Flails
  8082 | D:8      | Found Ger Wog's Distillery.
  8113 | D:8      | Reached XP level 10. HP: 61/66 MP: 10/10
  8328 | D:8      | Found a snail-covered altar of Cheibriados.
  8349 | D:8      | Noticed a two-headed ogre
  8362 | D:8      | Killed a two-headed ogre
  8678 | D:8      | Found a shimmering blue altar of Sif Muna.
  8833 | D:8      | Found a stormy altar of Qazlal.
  8852 | D:8      | Found a glowing silver altar of Zin.
  8867 | D:8      | Found a sparkling altar of Nemelex Xobeh.
  8905 | D:8      | Found a hazy altar of Hepliaklqana.
  8960 | D:8      | HP: 3/68 [acid dragon/splash of acid (12)]
  8962 | D:8      | Reached skill level 10 in Fighting
  8962 | D:8      | Reached skill level 5 in Maces & Flails
  9630 | D:9      | Demolished by a komodo dragon

Illustrated notes

Levels and vault maps discovered:
D:1:      minmay_arrival_semitransparent, layout_rooms, supply_closet_lemuel
D:2:      layout_rooms, basic_altar, ebering_ecumenical_altar_hall, uniq_robin
D:3:      layout_basic, gammafunk_temple_overflow_wave, tso_metal_star,
          gammafunk_ghost_smash
D:4:      layout_basic, kennysheep_little_box, serial_shops,
          nicolae_shop_hallway_stairs, saegor_snake_ambush, uniq_pikel
D:5:      layout_loops_cross, nicolae_uskayaw_suspiria, temple_green,
          kennysheep_generic_room_15
D:6:      layout_loops_cross
D:7:      layout_basic, uniq_menkaure, uniq_maggie
D:8:      layout_basic, nicolae_overflow_quartered_altars, cheibriados_altar_1,
          nicolae_overflow_crystal_walls, serial_shops, shop
D:9:      layout_roguey, erik_lair_dragon, hangedman_abyss_or_decor_lesser_grid,
          minmay_librarian
Temple:   corrupted_temple

Skill      XL: |  1  2  3  4  5  6  7  8  9 10 |
---------------+-------------------------------+-----
Axes           | 2 3 4 6 8 10 | 10.2
Fighting       | 4 5 6 7 9 10 | 10.1
Maces & Flails | 2 5 |  5.4
Armour         | |  3.2
Shields        | |  3.2

Action                   |  1- 3 |  4- 6 |  7- 9 | 10-12 || total
-------------------------+-------+-------+-------+-------++-------
Melee: War axe           |    95 |   123 |   250 |       ||   468
       Whip              |       |       |    45 |    78 ||   123
Invok: Potion Petition   |       |       |     1 |     1 ||     2
Evoke: Wand              |       |       |     5 |       ||     5
  Use: Potion            |       |     1 |     3 |     1 ||     5
       Scroll            |       |       |     7 |     1 ||     8
Armor: Scale mail        |    58 |       |       |       ||    58
       Plate armour      |     5 |   107 |   151 |    34 ||   297
       Skin              |       |       |     1 |       ||     1
Dodge: Dodged            |    52 |    34 |    60 |    12 ||   158
Block: Buckler           |    22 |    31 |    53 |    13 ||   119
